 Dungeon Crawl Stone Soup version 0.28-a0-1594-ga885d4b3d6 (webtiles) character file.

Game seed: 6669499677682125145

67 HallandMoats the Skirmisher (level 3, -1/29 HPs)
             Began as a Demonspawn Fighter on Jan 21, 2022.
             Was a Follower of Okawaru.
             Slain by an orc wizard (2 damage)
             ... on level 3 of the Dungeon.
             The game lasted 00:02:01 (1990 turns).

HallandMoats the Skirmisher (Demonspawn Fighter)    Turns: 1990, Time: 00:02:01

Health: -1/29      AC:  6    Str: 18    XL:     3   Next: 98%
Magic:  4/4        EV:  9    Int:  9    God:    Okawaru [*.....]
Gold:   69         SH:  0    Dex: 12    Spells: 2/2 levels left

rFire   . . .      SeeInvis .   a - +0 war axe
rCold   . . .      Faith    .   c - +0 buckler
rNeg    . . .      Spirit   .   b - +0 scale mail
rPois   .          Reflect  .   (no helmet)
rElec   .          Harm     .   (no cloak)
rCorr   .          Rampage  .   (no gloves)
Will    .....                   (no boots)
Stlth   ..........              (no amulet)
HPRegen 0.09/turn               (no ring)
MPRegen 0.09/turn               (no ring)

@: confused, mighty
A: (demonic guardian 1)
a: Renounce Religion, Heroism


You were on level 3 of the Dungeon.
You worshipped Okawaru.
Okawaru was aware of your devotion.
You visited 1 branch of the dungeon, and saw 3 of its levels.

You collected 69 gold pieces.

Inventory:

Hand Weapons
 a - a +0 war axe (weapon)
Armour
 b - a +0 scale mail (worn)
 c - a +0 buckler (worn)
 i - a +0 helmet
Scrolls
 e - 3 scrolls of blinking {unknown}
 f - a scroll of identify {unknown}
 g - a scroll of summoning {unknown}
 h - 2 scrolls of teleportation {unknown}
 j - 2 scrolls of fog {unknown}
 m - a scroll of torment {unknown}
 n - a scroll of acquirement {unknown}


   Skills:
 + Level 3.2 Fighting
 * Level 2.6 Axes
 + Level 3.0 Armour
 + Level 0.8 Dodging
 + Level 3.0 Shields
 + Level 1.4 Invocations


You had 2 spell levels left.
You didn't know any spells.
Your spell library contained the following spells:

 Spells                   Type           Power      Damage    Failure   Level
 Freeze                   Ice            0%         1d3       86%         1
 Frozen Ramparts          Ice            0%         1d2       99%         3
 Hailstorm                Conj/Ice       0%         3d3       100%        4


Dungeon Overview and Level Annotations

Branches:
Dungeon (3/15)

Altars:
Okawaru


Innate Abilities, Weirdness & Mutations

((A weak demonic guardian rushes to your aid.))


Message History

You are confused.
You are too confused!
You are too confused!
You bump into the rock wall.
You hear some strange, mumbled words.
A puff of flame appears from out of thin air!
The puff of flame misses you. The orc barely misses you.
A magic dart appears from out of thin air!
The magic dart hits you.
The orc hits you from afar with a +0 trident!
You feel less confused. Something hits you. You block the orc's attack.
You hit something. You closely miss the orc. Something hits you.
The orc hits you with a +0 trident.
You hear some strange, mumbled words.
A magic dart appears from out of thin air!
The magic dart hits you.
* * * LOW HITPOINT WARNING * * *
It was a potion of curing.
You feel better. Something hits you but does no damage.
You feel very mighty all of a sudden. The orc hits you but does no damage. x2
You hear some strange, mumbled words.
You are confused.
The orc barely misses you.
You bump into the rock wall.
The orc hits you with a +0 trident. The orc hits you with a +0 club.
You bump into the rock wall.
The orc closely misses you.
You miss the orc. You barely miss the orc. You miss something.
The orc hits you with a +0 trident. The orc hits you with a +0 club.
* * * LOW HITPOINT WARNING * * *
Something hits you but does no damage. The orc hits you with a +0 trident.
* * * LOW HITPOINT WARNING * * *
The orc closely misses you.
The orc hits you from afar with a +0 trident.
* * * LOW HITPOINT WARNING * * *
The orc barely misses you.
You barely miss something. You closely miss the orc.
The orc hits you but does no damage. x2; Something hits you.
You die...

#..# #..# ..####
#..# .....# #..#
#.##.# #..# #.##.#
#..# #.##.# #.o#
### #.##.# #o.#
.....###.##.###.@#
..........÷.)†<).#
###############.##
#.# #.# #.# #.#
#.# .#


You could see 2 orcs.

Vanquished Creatures
  3 adders
  2 dart slugs (D:1)
  4 orcs
  5 ball pythons
  A bat (D:1)
  2 endoplasms (D:1)
  A giant cockroach (D:2)
  3 goblins
  4 hobgoblins
  A kobold (D:1)
  A frilled lizard (D:2)
  4 rats
31 creatures vanquished.

Notes
Turn   | Place    | Note
-------+----------+-------------------------------------------
     0 | D:1      | HallandMoats the Demonspawn Fighter began the quest for the
                  | Orb.
     0 | D:1      | Reached XP level 1. HP: 18/18 MP: 1/1
   285 | D:1      | Gained mutation: A weak demonic guardian rushes to your
                  | aid. [demonic ancestry]
   285 | D:1      | Reached XP level 2. HP: 24/24 MP: 2/2
   602 | D:1      | Found a faded altar of an unknown god.
   618 | D:1      | Prayed at the altar of an unknown god.
   618 | D:1      | Became a worshipper of Warmaster Okawaru
   618 | D:1      | Reached * piety under Okawaru
   674 | D:1      | Reached skill level 1 in Invocations
   980 | D:2      | Reached XP level 3. HP: 23/29 MP: 3/3
  1989 | D:3      | HP: 1/29 [orc (4)]
  1990 | D:3      | Slain by an orc wizard

Illustrated notes

Levels and vault maps discovered:
D:1:      sevenhm_arrival_forest_fort_small_4, layout_basic,
          serial_corexii_hall, corexii_hall_statues_l,
          chequers_hall_statues_corner_a, chequers_hall_statues_wall_a,
          shapermc_ecumenical_altar_notcrosses
D:2:      layout_basic, hangedman_decor_points
D:3:      layout_loops_ring

Skill      XL: |  1  2  3 |
---------------+----------+-----
Axes           | 2 |  2.6
Invocations    | 1 |  1.4
Armour         | 3 |  3.0
Shields        | 3 |  3.0
Fighting       | |  3.2
Dodging        | |  0.8

Action                   || total
-------------------------++-------
Melee: War axe           ||    95
  Use: Potion            ||     3
Armor: Scale mail        ||    54
Dodge: Dodged            ||    50
Block: Buckler           ||    25

Table legend: (Time is in decaauts)
 A = Elapsed time spent in this place.
 B = Non-inter-level travel time spent in this place.
 C = Inter-level travel time spent in this place.
 D = Time resting spent in this place.
 E = Time spent auto-exploring this place.
 F = Levels seen in this place.
 G = Mean time per level.
                   A        B        C        D        E       F      G
               +--------+--------+--------+--------+--------+-----+--------+
         Total |   2031 |   1990 |     41 |    339 |   1360 |   3 |  677.0 |
       Dungeon |   2031 |   1990 |     41 |    339 |   1360 |   3 |  677.0 |
               +--------+--------+--------+--------+--------+-----+--------+

Top non-repeatable levels by time:
     D:2: 1011 daAuts
     D:1: 949 daAuts
     D:3: 70 daAuts
